AoeStats
← Reis

Nomad

506911390Analyzed
4v4 RM · 18d ago on Sep 15, 2026· 23m 14s· 8 players
Game mode
Random Map
Map size
231×231
Population
200
Speed
Normal
Resources
Standard
Victory
Conquest
Starting age
Dark Age
Ending age
Imperial Age
RankedLock teamsTeams togetherTeam positionsShared explorationLock speedFull tech treeHidden civsTurbo modeCheats
Victory
Defeat
🇩🇪 Persians · Germany
1457
+10
🇩🇪 Berbers · Germany
1378
+13
🇩🇪 Koreans · Germany
1324
+15
1270
+18
🇨🇭 Bulgarians · Switzerland
1381
-17
🇸🇪 Poles · Sweden
1317
-14
1307
-14
🇹🇷 Persians · Türkiye
1243
-11
+elko4+ -on the road to 0MMR
7:03 Loom
15:29 Feudal Age
22:46 Castle Age
Reis
5:14 Loom
13:27 Feudal Age
18:08 Castle Age
SabahIctimasi
4:29 Loom
15:05 Feudal Age
15:54 Double-Bit Axe
18:45 Castle Age
16:31 Fishing Lines
18:14 Forging
18:09 Scale Barding Armor
18:29 Gold Mining
19:23 Bloodlines
19:15 Horse Collar
21:10 Wheelbarrow
20:21 Town Watch
Kaben
5:54 Loom
13:58 Feudal Age
21:52 Castle Age
chrissi.pk
10:09 Loom
13:16 Feudal Age
13:42 Town Watch
14:54 Fletching
25:18 Castle Age
[SavBs] VoLB
4:57 Loom
11:52 Feudal Age
16:47 Double-Bit Axe
19:12 Castle Age
17:38 Forging
18:40 Scale Barding Armor
21:30 Horse Collar
[SavBs] General Tine Wittler
5:14 Loom
13:27 Feudal Age
14:11 Double-Bit Axe
14:32 Gold Mining
15:08 Town Watch
16:45 Fletching
19:12 Horse Collar
22:29 Castle Age
21:01 Fishing Lines
23:23 Medium Warships
23:04 Gillnets
23:13 Bodkin Arrow
23:48 Bow Saw
[SavBs] InTeamRed23
4:57 Loom
12:55 Feudal Age
17:09 Castle Age
15:44 Double-Bit Axe
18:36 Forging
19:02 Bloodlines
18:48 Horse Collar
Connection lost

Rejoining the realm…

Still unreachable

The connection could not be restored.

Session expired

The server has moved on; the page needs a fresh start.